 Dungeon Crawl Stone Soup version 0.25-a0-420-g1cc7eeb0d1 (webtiles) character file.

Game seed: 3726903146446859026, levelgen mode: deterministic

333 Gargoyl the Skirmisher (level 6, 0/52 HPs)
             Began as a Centaur Abyssal Knight on Jan 18, 2020.
             Was a Believer of Lugonu.
             Slain by a river rat (3 damage)
             ... in a sewer.
             The game lasted 00:06:09 (3758 turns).

Gargoyl the Skirmisher (Centaur Abyssal Knight)     Turns: 3758, Time: 00:06:10

Health: 0/52       AC:  7    Str: 23    XL:     6   Next: 27%
Magic:  8/8        EV: 10    Int: 11    God:    Lugonu [**....]
Gold:   124        SH:  0    Dex: 10    Spells: 5/5 levels left

rFire    . . .     SeeInvis .   a - +1 hand axe
rCold    . . .     Gourm    .   (no shield)
rNeg     . . .     Faith    .   b - +0 leather armour
rPois    .         Spirit   .   i - +0 helmet
rElec    .         Reflect  .   (no cloak)
rCorr    .         Harm     .   l - +0 pair of gloves
MR       .....                  (no barding)
Stlth    ..........             (no amulet)
HPRegen  0.17/turn              d - +3 ring of strength
MPRegen  0.11/turn              (no ring)

@: mighty, slowed
A: large, hooves 3, deformed body, speed 2, tough skin 3
a: Depart the Abyss, Bend Space, Renounce Religion


You were in a sewer.
You worshipped Lugonu.
Lugonu was pleased with you.
You were not hungry.

You visited 1 branch of the dungeon, and saw 4 of its levels.
You visited the Abyss 1 time.
You also visited: Sewer.

You collected 124 gold pieces.

Inventory:

Hand Weapons
 a - a +1 hand axe (weapon)
Armour
 b - a +0 leather armour (worn)
 i - a +0 helmet (worn)
 l - a +0 pair of gloves (worn)
Jewellery
 d - a +3 ring of strength (left hand)
Scrolls
 e - 4 scrolls of remove curse
 m - a scroll of identify
 n - a scroll of blinking
 o - a scroll of teleportation
Potions
 f - 2 potions of resistance {unknown}
 h - 2 potions of flight
 j - 2 potions of might
 k - a potion of agility {unknown}
 p - 2 potions of heal wounds {unknown}
Comestibles
 c - 5 rations


   Skills:
 + Level 3.8 Fighting
 + Level 3.4 Axes
 * Level 2.6 Armour
 * Level 2.0 Dodging
 * Level 3.3 Invocations


You had 5 spell levels left.
You didn't know any spells.
Your spell library was empty.

Dungeon Overview and Level Annotations

Branches:
Dungeon (4/15)              Sewer (1/1)
 Temple: D:4-7

Altars:
Sif Muna
Xom


Innate Abilities, Weirdness & Mutations

You have hooves in place of feet.
Armour fits poorly on your strangely shaped body.
You cover ground very quickly.
You have extremely tough skin. (AC +3)


Message History

The river rat bites you. The river rat bites you!
* * * LOW HITPOINT WARNING * * *
You hit the river rat.
The river rat is almost dead.
The river rat bites you.
* * * LOW HITPOINT WARNING * * *
The river rat barely misses you.
Unknown command.
You hit the river rat but do no damage.
The river rat is almost dead.
The river rat twitches its whiskers.
The river rat barely misses you. The river rat bites you.
* * * LOW HITPOINT WARNING * * *
You feel better. The river rat bites you!
* * * LOW HITPOINT WARNING * * *
It was a potion of might.
You feel very mighty all of a sudden.
The river rat bites you but does no damage.
The river rat bites you.
You die...

##..)........≈.≈≈≈≈†.....#
#.....####.≈≈.≈#####≈.≈..#
###≈.## ##...## ##..≈##
#### ##≈## ##†## #≈# #≈#
#≈# #≈# ##≈## ##≈##
##(≈≈## ##...##
.≈.####r@≈..#####.≈.∩.###
...≈≈≈≈)...≈≈≈≈≈≈≈.∩.÷≈≈≈
≈.≈####..≈≈.#####≈≈≈..###
##.≈.## ##.≈.## ##≈##
##≈## #≈# #≈# #≈≈ #≈ #≈##
#≈ #≈# #≈


You could see a river rat.

Vanquished Creatures
  2 big kobolds (Sewer)
  9 adders
  2 river rats (Sewer)
  3 oozes
  A dart slug (D:1)
  4 leopard geckos
  8 ball pythons
  2 bats
  2 giant cockroaches
  6 hobgoblins
  12 jackals
  A quokka (D:3)
  2 frilled lizards
  13 goblins
  8 kobolds
  5 rats
80 creatures vanquished.

Vanquished Creatures (others)
  2 starspawn tentacles (Abyss:1)
2 creatures vanquished.

Grand Total: 82 creatures vanquished

Notes
Turn   | Place    | Note
-------+----------+-------------------------------------------
     0 | Abyss:1  | Gargoyl the Centaur Abyssal Knight began the quest for the
                  | Orb.
     0 | Abyss:1  | Reached XP level 1. HP: 19/19 MP: 2/2
    21 | Abyss:1  | Noticed a spatial vortex
    21 | Abyss:1  | Noticed a spatial vortex
    96 | Abyss:1  | Noticed a hungry ghost
   132 | Abyss:1  | Noticed an orange demon
   144 | Abyss:1  | Noticed a tentacled starspawn
   150 | Abyss:1  | Noticed a smoke demon
   156 | D:1      | Escaped the Abyss
   302 | D:1      | Reached XP level 2. HP: 3/26 MP: 3/3
   618 | D:1      | Reached * piety under Lugonu
   624 | D:1      | Reached skill level 1 in Dodging
  1073 | D:1      | Reached XP level 3. HP: 31/31 MP: 4/4
  1615 | D:2      | Reached XP level 4. HP: 32/38 MP: 5/5
  2580 | D:3      | Reached ** piety under Lugonu
  2894 | D:3      | Found a faded altar of an unknown god.
  3052 | D:3      | Found a shimmering blue altar of Sif Muna.
  3052 | D:3      | Found a shimmering altar of Xom.
  3204 | D:4      | Reached XP level 5. HP: 43/45 MP: 7/7
  3225 | D:4      | Found a glowing drain.
  3239 | Sewer    | Entered a sewer
  3720 | Sewer    | Reached XP level 6. HP: 48/52 MP: 8/8
  3756 | Sewer    | HP: 2/52 [river rat (3)]
  3758 | Sewer    | Slain by a river rat

Levels and vault maps discovered:
D:1:      matt_arrival_spirals, layout_rooms
D:2:      layout_basic
D:3:      layout_loops_ring, gammafunk_temple_overflow_wave, first_ration,
          serial_rivers, chequers_serial_rivers_micro_c,
          chequers_serial_rivers_large_a, chequers_serial_rivers_micro_c,
          chequers_serial_rivers_micro_d, chequers_serial_rivers_room_a,
          chequers_ecumenical_altar_simple_redux
D:4:      layout_cave_pods, serial_shops, nicolae_shop_waterfront,
          cheibrodos_sewer_entry_sluice
Sewer:    sewer_co_15_rooms

Skill      XL: |  1  2  3  4  5 |
---------------+----------------+-----
Dodging        | 1 2 |  2.0
Axes           | 2 3 |  3.4
Armour         | 2 |  2.6
Invocations    | 3 |  3.3
Fighting       | |  3.8

Action                   |  1- 3 |  4- 6 || total
-------------------------+-------+-------++-------
Melee: Hand axe          |    80 |   162 ||   242
       Kick              |    13 |    25 ||    38
Invok: Depart the Abyss  |     1 |       ||     1
  Use: Potion            |     1 |     3 ||     4
       Scroll            |     4 |     1 ||     5
  Eat: Chunk             |     1 |     6 ||     7
Armor: Leather armour    |    44 |    87 ||   131
Dodge: Dodged            |    57 |    85 ||   142

Table legend:
 A = Non-vault XP
 B = Vault XP
 C = Vault XP percentage of total XP
 D = Non-vault monster count
 E = Vault monster count
 F = Vault count percentage of total count
                 A         B        C        D         E       F
            +---------+---------+-------+---------+---------+-------
      Total |     200 |     276 |  58.0 |      62 |      18 |  22.5
            +---------+---------+-------+---------+---------+-------
        D:1 |      41 |       0 |   0.0 |      18 |       0 |   0.0
        D:2 |      76 |       0 |   0.0 |      23 |       0 |   0.0
        D:3 |      70 |       0 |   0.0 |      20 |       0 |   0.0
        D:4 |      13 |       5 |  27.8 |       1 |       3 |  75.0
      Sewer |       0 |     271 | 100.0 |       0 |      15 | 100.0
            +---------+---------+-------+---------+---------+-------
